[Event "Titled Tuesday Blitz July 4 Late 2023"]
[White "Coelho, Ramyres Santana"]
[Black "Karas, Marek"]
[WhiteFideId "2120690"]
[BlackFideId "14928558"]
[WhiteElo "2301"]
[BlackElo "2445"]
[Result "0-1"]
[Round "4"]
[TimeControl "180+2"]
[Date "2023.07.04"]
[WhiteClock "0:00:42"]
[BlackClock "0:00:52"]
[Board "157"]

1. e4 c5 2. Nf3 Nc6 3. d4 cxd4 4. Nxd4 g6 5. Nc3 Bg7 6. Be3 Nf6 7. f3 d5 8. exd5 Nxd5 9. Nxd5 Qxd5 10. Nxc6 Qxc6 11. a4 O-O 12. c3 Bf5 13. Be2 Rfd8 14. Qc1 a6 15. O-O Rac8 16. Rd1 h5 17. Rxd8+ Rxd8 18. Qe1 Qe6 19. Bf2 Qb3 20. Qc1 Kh7 21. h3 Bh6 22. Be3 Bxe3+ 23. Qxe3 Qxb2 24. Rf1 Be6 25. Rd1 Rxd1+ 26. Bxd1 Qa1 27. Qd3 Bb3 28. Kh2 Qxd1 29. Qe4 Qd6+ 30. Kg1 b6 31. h4 b5 32. axb5 axb5 33. f4 Be6 34. Kh2 Qd2 35. Qf3 Qe1 36. Qg3 Qxg3+ 37. Kxg3 Bf5 38. Kf3 Kg7 39. Ke3 Kf6 40. Kd4 Ke6 41. g3 Kd6 42. c4 bxc4 43. Kxc4 Bd7 44. Kd4 Ke6 45. Ke4 Bc6+ 46. Ke3 Kf5 47. Kd4 Kg4 48. Kc5 Kxg3 49. Kxc6 Kxf4 50. Kd7 g5 51. hxg5 Kxg5 52. Kxe7 h4 53. Kxf7 h3 54. Ke7 h2 55. Ke6 h1=Q 56. Ke5 Qe1+ 57. Kd4 Kf4 58. Kd3 Qe4+ 59. Kd2 Qe3+ 60. Kd1 Qf2 61. Kc1 Qe2 62. Kb1 Qd2 63. Ka1 Ke3 64. Kb1 Kd3 65. Ka1 Kc3 66. Kb1 Qb2# 0-1


[Site "https://www.chess.com"]

[Event "Titled Tuesday Blitz July 4 Late 2023"]
[White "Lalanne, Pablo"]
[Black "Saucey, Michel"]
[WhiteFideId "112151"]
[BlackFideId "601845"]
[WhiteElo "2422"]
[BlackElo "2270"]
[Result "1-0"]
[Round "4"]
[TimeControl "180+2"]
[Date "2023.07.04"]
[WhiteClock "0:00:54"]
[BlackClock "0:00:56"]
[Board "158"]

1. e4 c5 2. Nf3 e6 3. d4 cxd4 4. Nxd4 Nc6 5. Nc3 Qc7 6. Be3 a6 7. Bd3 b5 8. a3 Bb7 9. O-O Nf6 10. Kh1 Ne5 11. h3 h5 12. f4 Nc4 13. Bxc4 Qxc4 14. Qf3 d5 15. e5 Ne4 16. f5 O-O-O 17. fxe6 h4 18. exf7 Ng3+ 19. Kh2 Nxf1+ 20. Rxf1 Bc5 21. e6 Bxd4 22. Bxd4 Qxd4 23. Qf5 Qc5 24. e7+ Kb8 25. exd8=Q+ Rxd8 26. f8=Q 1-0


[Site "https://www.chess.com"]

[Event "Titled Tuesday Blitz July 4 Late 2023"]
[White "Broca Jimenez, Fernando"]
[Black "Silva Lucena, Cristian"]
[WhiteFideId "5104742"]
[BlackFideId "2232588"]
[WhiteElo "2261"]
[BlackElo "2396"]
[Result "0-1"]
[Round "4"]
[TimeControl "180+2"]
[Date "2023.07.04"]
[WhiteClock "0:00:16"]
[BlackClock "0:01:42"]
[Board "159"]

1. Nf3 Nf6 2. b3 g6 3. Bb2 Bg7 4. g3 O-O 5. Bg2 d6 6. O-O e5 7. d3 Nc6 8. Nbd2 a5 9. a4 Bg4 10. e4 Qd7 11. Re1 Rfe8 12. Nf1 Nd4 13. Ne3 Nxf3+ 14. Bxf3 Bxf3 15. Qxf3 c6 16. Kg2 h5 17. h4 Ng4 18. Nxg4 Qxg4 19. Qxg4 hxg4 20. Rad1 c5 21. f3 gxf3+ 22. Kxf3 f5 23. Bc1 Kf7 24. Bg5 Rab8 25. Ra1 Ke6 26. Rf1 d5 27. Ke3 Rec8 28. exd5+ Kxd5 29. c4+ Ke6 30. Rad1 Rc6 31. Rf3 Rb6 32. Rb1 Rc8 33. Rf2 e4 34. dxe4 Bd4+ 35. Kf3 Bxf2 36. Kxf2 fxe4 37. Ke3 Ke5 38. g4 Rf8 39. Ke2 Rf3 40. Rd1 Rd3 41. Rf1 Rbxb3 0-1


[Site "https://www.chess.com"]

[Event "Titled Tuesday Blitz July 4 Late 2023"]
[White "SicilianPanzer"]
[Black "micke12a"]
[WhiteElo "2237"]
[BlackElo "2374"]
[Result "1-0"]
[Round "4"]
[TimeControl "180+2"]
[Date "2023.07.04"]
[WhiteClock "0:00:05"]
[BlackClock "0:00:01"]
[Board "160"]

1. Nf3 Nf6 2. g3 g6 3. Bg2 Bg7 4. O-O O-O 5. d4 d5 6. c4 c6 7. cxd5 cxd5 8. Nc3 Ne4 9. Nxe4 dxe4 10. Ne5 Bf5 11. Bf4 Nc6 12. Nxc6 bxc6 13. e3 h5 14. Rc1 Qb6 15. Qc2 Rac8 16. b3 Qa5 17. a4 Qd5 18. Qc5 Qxb3 19. Qxa7 Qe6 20. Qc5 f6 21. h4 Rfd8 22. f3 Rd5 23. Qb6 exf3 24. Bxf3 Be4 25. Bxe4 Qxe4 26. Rxc6 Ra8 27. Re6 Qf5 28. Rxe7 Rxa4 29. Qb8+ Kh7 30. Qb7 Rd7 31. Rxd7 Qxd7 32. Qxd7 g5 33. hxg5 fxg5 34. Bxg5 Ra7 35. Qxa7 Kg6 36. Qc5 h4 37. Qf5+ Kh5 38. Bf6+ Kh6 39. Qg5+ 1-0


[Site "https://www.chess.com"]

[Event "Titled Tuesday Blitz July 4 Late 2023"]
[White "The_Straightforward_Rook"]
[Black "Makridis, Dimitrios"]
[BlackFideId "25864475"]
[WhiteElo "2321"]
[BlackElo "2781"]
[Result "1/2-1/2"]
[Round "4"]
[TimeControl "180+2"]
[Date "2023.07.04"]
[WhiteClock "0:00:20"]
[BlackClock "0:00:18"]
[Board "161"]

1. d4 g6 2. c4 Bg7 3. Nc3 d6 4. e4 Nd7 5. h4 h5 6. Nf3 e5 7. d5 Nh6 8. Bd3 Ng4 9. Qc2 Nc5 10. b4 Nxd3+ 11. Qxd3 O-O 12. a4 f5 13. Bg5 Qe8 14. c5 fxe4 15. Nxe4 Bf5 16. O-O Bf6 17. Rfe1 Bxg5 18. Nfxg5 Nxf2 19. Nxf2 Bxd3 20. Nxd3 Qe7 21. Rac1 Rf5 22. Nf2 Raf8 23. Nfe4 Rf4 24. g3 Rg4 25. Rf1 Rxf1+ 26. Rxf1 Rxg5 27. hxg5 Kg7 28. Rf6 Qd7 29. cxd6 cxd6 30. Rxd6 Qg4 31. Nc5 Qxg3+ 32. Kf1 h4 33. Rd7+ Kg8 34. d6 h3 35. Rd8+ Kf7 36. Rd7+ Ke8 37. Re7+ Kf8 38. Ne6+ Kg8 39. Re8+ Kf7 40. Re7+ Kg8 41. Re8+ Kh7 42. Re7+ Kg8 1/2-1/2


[Site "https://www.chess.com"]

[Event "Titled Tuesday Blitz July 4 Late 2023"]
[White "Schachpanda_Youtube"]
[Black "Lutz, Igor Oscar"]
[BlackFideId "2110806"]
[WhiteElo "2220"]
[BlackElo "1980"]
[Result "1-0"]
[Round "4"]
[TimeControl "180+2"]
[Date "2023.07.04"]
[WhiteClock "0:01:56"]
[BlackClock "0:00:59"]
[Board "162"]

1. e4 c5 2. d4 cxd4 3. c3 Nf6 4. e5 Nd5 5. Qxd4 Nb6 6. Nf3 Nc6 7. Qe4 d6 8. exd6 Qxd6 9. Bf4 Qd5 10. Bd3 Qxe4+ 11. Bxe4 Bd7 12. O-O e6 13. b3 Be7 14. a4 a5 15. Na3 Bf6 16. Nb5 O-O 17. Rad1 e5 18. Be3 1-0


[Site "https://www.chess.com"]

[Event "Titled Tuesday Blitz July 4 Late 2023"]
[White "Thiel, Thomas"]
[Black "Boyer, Mahel"]
[WhiteFideId "4615964"]
[BlackFideId "45102422"]
[WhiteElo "2207"]
[BlackElo "2692"]
[Result "0-1"]
[Round "4"]
[TimeControl "180+2"]
[Date "2023.07.04"]
[WhiteClock "0:02:06"]
[BlackClock "0:02:23"]
[Board "163"]

1. e4 Nc6 2. Nf3 d5 3. exd5 Qxd5 4. Nc3 Qh5 5. Be2 Bg4 6. h3 O-O-O 7. O-O Bxh3 8. gxh3 Qxh3 9. d3 Nf6 10. Bf4 g5 11. Nxg5 Rg8 12. Bg4+ Qxg4+ 13. Qxg4+ Nxg4 14. Nxf7 Nge5+ 0-1


[Site "https://www.chess.com"]

[Event "Titled Tuesday Blitz July 4 Late 2023"]
[White "Palencia Morales, Wilson Guillermo"]
[Black "Francisco_Ferrari"]
[WhiteFideId "4401859"]
[WhiteElo "2542"]
[BlackElo "2187"]
[Result "1-0"]
[Round "4"]
[TimeControl "180+2"]
[Date "2023.07.04"]
[WhiteClock "0:00:16"]
[BlackClock "0:00:09"]
[Board "164"]

1. d4 Nf6 2. c4 e6 3. Nf3 d5 4. Nc3 Be7 5. Bg5 O-O 6. e3 h6 7. Bxf6 Bxf6 8. Qc2 c6 9. h4 Nd7 10. g4 e5 11. g5 exd4 12. gxf6 dxc3 13. fxg7 Re8 14. Bd3 Nc5 15. Bh7+ Kxg7 16. Rg1+ Kh8 17. Qxc3+ f6 18. Bg6 Rf8 19. O-O-O Qe7 20. Nd4 a5 21. cxd5 cxd5 22. Kb1 Bd7 23. Qd2 Rfc8 24. e4 Qg7 25. exd5 Re8 26. Ka1 Ne4 27. Bxe4 Rxe4 28. Rxg7 Kxg7 29. Rg1+ Rg4 30. Rxg4+ Bxg4 31. Ne6+ Kf7 32. Qxh6 Re8 33. Qg7# 1-0


[Site "https://www.chess.com"]

[Event "Titled Tuesday Blitz July 4 Late 2023"]
[White "Cueto, Jonny"]
[Black "Deng, Henry"]
[WhiteFideId "3300145"]
[BlackFideId "30965454"]
[WhiteElo "2187"]
[BlackElo "2482"]
[Result "0-1"]
[Round "4"]
[TimeControl "180+2"]
[Date "2023.07.04"]
[WhiteClock "0:00:05"]
[BlackClock "0:00:13"]
[Board "165"]

1. d4 d5 2. Bf4 c5 3. e3 Nc6 4. Nf3 Bf5 5. dxc5 e6 6. Nd4 Bg6 7. Nxc6 bxc6 8. b4 a5 9. c3 Qf6 10. Qd4 Qd8 11. Nd2 f6 12. Bg3 e5 13. Qg4 Ne7 14. Qd1 Nf5 15. Be2 h5 16. h3 Nxg3 17. fxg3 Be7 18. O-O Qd7 19. a3 f5 20. c4 Bg5 21. cxd5 Bxe3+ 22. Kh1 cxd5 23. Nf3 Qe6 24. Bb5+ Kf7 25. Nh4 Rhd8 26. Qf3 Bg5 27. Nxg6 Kxg6 28. Rae1 e4 29. Qe2 d4 30. h4 Bf6 31. Bc4 Qe5 32. Qf2 d3 33. Rd1 Rd4 34. Bb3 e3 35. Qf4 e2 36. Qd2 exd1=Q 37. Rxd1 Qxg3 38. Re1 Rxh4+ 39. Kg1 Bd4+ 40. Kf1 Rh1# 0-1


[Site "https://www.chess.com"]

[Event "Titled Tuesday Blitz July 4 Late 2023"]
[White "Djordjevic, Dejan N"]
[Black "texie1"]
[WhiteFideId "913316"]
[WhiteElo "2168"]
[BlackElo "2420"]
[Result "0-1"]
[Round "4"]
[TimeControl "180+2"]
[Date "2023.07.04"]
[WhiteClock "0:00:00"]
[BlackClock "0:00:24"]
[Board "166"]

1. e4 c5 2. Nc3 a6 3. g3 b5 4. Bg2 Bb7 5. Nge2 e6 6. d3 g6 7. d4 b4 8. Na4 c4 9. d5 d6 10. Qd4 e5 11. Qxc4 a5 12. Qb5+ Qd7 13. Qxd7+ Nxd7 14. Be3 Bh6 15. f4 Ne7 16. c4 O-O 17. Kd2 f5 18. Rhf1 exf4 19. gxf4 fxe4 20. Bxe4 Rae8 21. Nd4 Nf5 22. Bxf5 gxf5 23. Rg1+ Kh8 24. Ne6 Rf6 25. Bd4 Rxe6 26. dxe6 Bxf4+ 27. Ke2 Ne5 28. Rgf1 Bxh2 29. e7 Re6 30. Rxf5 Rxe7 31. Raf1 Bc6 32. Nb6 Kg8 33. Kd2 Ng6 34. b3 Be5 35. Bxe5 dxe5 36. Rf6 Bb7 37. Nd5 Rd7 38. Ke3 Bxd5 39. cxd5 Rxd5 0-1


[Site "https://www.chess.com"]

[Event "Titled Tuesday Blitz July 4 Late 2023"]
[White "Hartikainen, Jarmo"]
[Black "Sukandar, Irine Kharisma"]
[WhiteFideId "503134"]
[BlackFideId "7101937"]
[WhiteElo "2162"]
[BlackElo "2412"]
[Result "0-1"]
[Round "4"]
[TimeControl "180+2"]
[Date "2023.07.04"]
[WhiteClock "0:00:13"]
[BlackClock "0:00:39"]
[Board "167"]

1. e4 c5 2. c3 g6 3. d4 cxd4 4. cxd4 d5 5. e5 Bg7 6. Bd3 Nc6 7. Be3 Qb6 8. Qd2 Bd7 9. Nc3 e6 10. Nge2 a6 11. O-O Nge7 12. Rac1 O-O 13. Bb1 Rfc8 14. g4 Na5 15. b3 Qd8 16. Bh6 Bh8 17. f4 b5 18. Ng3 b4 19. Nce2 Rxc1 20. Rxc1 Qb6 21. h4 Rc8 22. Rxc8+ Bxc8 23. h5 Nac6 24. hxg6 fxg6 25. f5 Bxe5 26. fxg6 hxg6 27. Be3 Bg7 28. Kg2 Bb7 29. Nf4 Bxd4 30. Nf1 Bxe3 31. Nxe3 d4 32. Nxg6 dxe3 33. Qd3 Ne5+ 34. Kg3 Nxd3 35. Nxe7+ Kf7 36. Bxd3 Qd6+ 0-1


[Site "https://www.chess.com"]

[Event "Titled Tuesday Blitz July 4 Late 2023"]
[White "Vila Dupla, Aurelio"]
[Black "ChawitAp"]
[WhiteFideId "2203383"]
[WhiteElo "2155"]
[BlackElo "2376"]
[Result "0-1"]
[Round "4"]
[TimeControl "180+2"]
[Date "2023.07.04"]
[WhiteClock "0:00:00"]
[BlackClock "0:00:20"]
[Board "168"]

1. Nf3 d5 2. d4 c6 3. c4 Nf6 4. cxd5 cxd5 5. Nc3 Nc6 6. Bf4 a6 7. e3 Bf5 8. Bd3 Bxd3 9. Qxd3 e6 10. O-O Bd6 11. Bxd6 Qxd6 12. Rfc1 O-O 13. h3 b5 14. Qe2 Rfc8 15. Ne1 Rc7 16. Nd3 Nd7 17. Rc2 Rac8 18. Rac1 Na5 19. b3 h6 20. Qd2 Nc6 21. Ne2 Ne7 22. Nef4 Qb6 23. Rxc7 Rxc7 24. Rxc7 Qxc7 25. Qb4 Nf5 26. Nc5 Nxc5 27. dxc5 d4 28. g4 Nh4 29. a4 Qc6 30. axb5 axb5 31. exd4 Qf3 32. d5 e5 0-1


[Site "https://www.chess.com"]

[Event "Titled Tuesday Blitz July 4 Late 2023"]
[White "Romero Arzuaga, Yudel"]
[Black "Oliveira, Tiago Batista"]
[WhiteFideId "3521010"]
[BlackFideId "2108291"]
[WhiteElo "2360"]
[BlackElo "2152"]
[Result "1-0"]
[Round "4"]
[TimeControl "180+2"]
[Date "2023.07.04"]
[WhiteClock "0:00:30"]
[BlackClock "0:00:00"]
[Board "169"]

1. d4 Nf6 2. Nf3 g6 3. Bf4 d6 4. e3 Bg7 5. h3 O-O 6. Be2 Nbd7 7. O-O Re8 8. c3 e5 9. dxe5 dxe5 10. Nxe5 Nh5 11. Bxh5 Nxe5 12. Be2 Qe7 13. Nd2 Bf5 14. Nf3 Rad8 15. Qa4 b5 16. Qa6 Nxf3+ 17. Bxf3 Bd3 18. Rfd1 c5 19. Bc6 Rf8 20. Bxb5 Be4 21. Be2 Bc2 22. Rxd8 Rxd8 23. Bf3 Bd3 24. Qa3 g5 25. Bg3 f5 26. Rd1 Kh8 27. Qa4 Rd7 28. Rd2 c4 29. Qd1 Qd8 30. Bc6 Re7 31. Bf3 Qb6 32. Be2 Rd7 33. Bxd3 cxd3 34. Rxd3 Rxd3 35. Qxd3 1-0


[Site "https://www.chess.com"]

[Event "Titled Tuesday Blitz July 4 Late 2023"]
[White "Cardenas Carbajal, Nilson"]
[Black "Slovineanu, Viacheslav"]
[WhiteFideId "8401128"]
[BlackFideId "13900510"]
[WhiteElo "2105"]
[BlackElo "2345"]
[Result "0-1"]
[Round "4"]
[TimeControl "180+2"]
[Date "2023.07.04"]
[WhiteClock "0:00:00"]
[BlackClock "0:00:09"]
[Board "170"]

1. e4 c6 2. d4 d5 3. Nd2 dxe4 4. Nxe4 Nf6 5. Nxf6+ exf6 6. c3 Bd6 7. Bd3 Na6 8. Qc2 h5 9. Ne2 Nc7 10. Be3 Be6 11. c4 Bb4+ 12. Nc3 a5 13. O-O Kf8 14. Rad1 g6 15. f4 f5 16. d5 cxd5 17. cxd5 Nxd5 18. Nxd5 Qxd5 19. Be2 Qe4 20. Bc5+ Bxc5+ 21. Qxc5+ Kg7 22. Bf3 Qb4 23. Qe5+ Kh7 24. h3 Rhe8 25. Rd4 Qxb2 26. Rfd1 Bxa2 27. Qf6 Be6 28. Kh2 a4 29. R1d2 Qc1 30. Rd6 Kg8 31. Re2 Qxf4+ 32. Kg1 Qxd6 33. Bxh5 Rad8 34. Re3 Qd4 0-1


[Site "https://www.chess.com"]

[Event "Titled Tuesday Blitz July 4 Late 2023"]
[White "Fernandez Bustamante, Leancy B."]
[Black "Kukavica, Tony"]
[WhiteFideId "3523870"]
[BlackFideId "2062542"]
[WhiteElo "2096"]
[BlackElo "2301"]
[Result "0-1"]
[Round "4"]
[TimeControl "180+2"]
[Date "2023.07.04"]
[WhiteClock "0:00:11"]
[BlackClock "0:01:01"]
[Board "171"]

1. e4 e5 2. Nf3 d6 3. Nc3 Nf6 4. d4 exd4 5. Nxd4 Be7 6. Bc4 O-O 7. O-O Nxe4 8. Nxe4 d5 9. Bd3 dxe4 10. Bxe4 c6 11. Be3 Nd7 12. Nf5 Bf6 13. c3 Ne5 14. Qc2 g6 15. Rad1 Qa5 16. b4 Qc7 17. Ng3 Be6 18. h3 Bc4 19. Rfe1 a5 20. f4 Nd7 21. Bd4 axb4 22. f5 Rxa2 23. Qb1 Qxg3 24. Qxb4 b5 25. fxg6 hxg6 26. Bxc6 Bxd4+ 27. cxd4 Nf6 28. Re5 Nd5 29. Rd2 Nxb4 0-1


[Site "https://www.chess.com"]

[Event "Titled Tuesday Blitz July 4 Late 2023"]
[White "Alexikov, Alexander"]
[Black "Winkels, Marcel"]
[WhiteFideId "14103958"]
[BlackFideId "1003887"]
[WhiteElo "2290"]
[BlackElo "2075"]
[Result "0-1"]
[Round "4"]
[TimeControl "180+2"]
[Date "2023.07.04"]
[WhiteClock "0:00:00"]
[BlackClock "0:00:10"]
[Board "172"]

1. e4 c5 2. Nf3 d6 3. d4 cxd4 4. Nxd4 Nf6 5. Nc3 a6 6. Be2 e5 7. Nb3 Be7 8. O-O O-O 9. f4 exf4 10. Bxf4 Nc6 11. Kh1 Be6 12. Qe1 Ne5 13. Qg3 b5 14. Rad1 Qc7 15. Nd4 b4 16. Nd5 Bxd5 17. exd5 Ng6 18. Nf5 Ne4 19. Qe3 Nc5 20. Nxe7+ Nxe7 21. Qd4 a5 22. h4 Nf5 23. Qf2 Rae8 24. Bd3 Ne4 25. Bxe4 Rxe4 26. h5 Qe7 27. Rd2 Qh4+ 28. Qxh4 Nxh4 29. g3 Nf5 30. Kg2 Rfe8 31. Kf3 g6 32. Kf2 Rd8 33. c3 Ne7 34. Kf3 f5 35. hxg6 hxg6 36. Bg5 Kf7 37. Re2 Rxe2 38. Kxe2 Re8 39. Bxe7 Rxe7+ 40. Kd3 Re5 41. c4 Kf6 42. Kd4 g5 43. c5 Re4+ 44. Kd3 dxc5 45. b3 Ke5 46. Rf2 Rd4+ 47. Ke3 Rxd5 48. Rh2 Rd4 49. Rh6 Re4+ 50. Kd3 Rg4 51. Rg6 Rxg3+ 0-1


[Site "https://www.chess.com"]

[Event "Titled Tuesday Blitz July 4 Late 2023"]
[White "Zampronha, Wladimir Camilo"]
[Black "Horokoskii"]
[WhiteFideId "2103087"]
[WhiteElo "2279"]
[BlackElo "2071"]
[Result "1-0"]
[Round "4"]
[TimeControl "180+2"]
[Date "2023.07.04"]
[WhiteClock "0:00:19"]
[BlackClock "0:00:01"]
[Board "173"]

1. e4 e6 2. d4 d5 3. Nc3 Nf6 4. e5 Nfd7 5. f4 c5 6. Nf3 Nc6 7. Be3 a6 8. Qd2 b5 9. dxc5 Bxc5 10. Bxc5 Nxc5 11. Qf2 Qb6 12. Bd3 b4 13. Ne2 a5 14. O-O Ba6 15. Bxa6 Rxa6 16. Ned4 Ne4 17. Qe3 O-O 18. Rfe1 Rc8 19. Re2 Ra7 20. f5 Nxd4 21. Nxd4 Rc4 22. Rd1 Rac7 23. f6 gxf6 24. exf6 e5 25. Nf5 Qxe3+ 26. Rxe3 Nxf6 27. Rxe5 Rxc2 28. Ne7+ Kf8 29. Nxd5 Nxd5 30. Rexd5 Rxb2 31. Rxa5 Rcc2 32. Rg5 Rxa2 33. h3 b3 34. Kh2 b2 35. Rd8+ Ke7 36. Rb8 h6 37. Rg3 Ra1 38. Rgb3 Ra2 39. R8b7+ Kf6 40. R7b6+ Kg7 41. Rg3+ Kf8 42. Rb7 Rc1 43. Rgb3 Rc2 44. Rg3 Rd2 45. Rb8+ Ke7 46. Rb7+ Ke6 47. Rb6+ Ke5 48. Rb8 Rc2 49. Rb7 Ke6 50. Rb6+ Ke7 51. Re3+ Kf8 52. Rg3 Ra1 53. Rb8+ Ke7 54. Re3+ Kf6 55. Reb3 Kg7 56. Rxb2 Rxb2 57. Rxb2 Ra6 58. Rb3 Rg6 59. Rf3 Rf6 60. Re3 Rg6 61. Rd3 Ra6 62. h4 Rb6 63. Kh3 Rb4 64. Ra3 Rc4 65. Ra5 Rb4 66. Rc5 Ra4 67. Rc3 Rd4 68. Rg3+ Kh7 69. Rf3 Kg7 70. g3 Rc4 71. Rd3 Rb4 72. Kg2 Ra4 73. Kf3 Rb4 74. Re3 Ra4 75. Re4 Ra3+ 76. Kg4 Ra5 77. Rf4 Rb5 78. Rf5 h5+ 79. Rxh5 Rb4+ 80. Kh3 f6 81. Rc5 Rb1 82. Rc3 Kg6 83. Rc8 Ra1 84. Rg8+ Kf7 85. Rg4 Ra5 86. Rf4 Kg6 87. Kg4 Rb5 88. h5+ Kh6 89. Rxf6+ Kg7 90. Rf5 Rb4+ 91. Kg5 Rb3 92. g4 Rb6 93. Ra5 Rc6 94. Ra7+ Kh8 95. h6 Rc5+ 96. Kh4 Rc6 97. g5 Rc4+ 98. Kh5 Rc1 99. Ra6 Rh1+ 100. Kg6 1-0


[Site "https://www.chess.com"]

[Event "Titled Tuesday Blitz July 4 Late 2023"]
[White "Schut, Han"]
[Black "Tqebuchava, Zurab"]
[WhiteFideId "1005561"]
[BlackFideId "13601113"]
[WhiteElo "2277"]
[BlackElo "2066"]
[Result "1-0"]
[Round "4"]
[TimeControl "180+2"]
[Date "2023.07.04"]
[WhiteClock "0:00:28"]
[BlackClock "0:00:00"]
[Board "174"]

1. e4 d6 2. d4 g6 3. Nc3 Bg7 4. f4 c5 5. dxc5 Qa5 6. Bd2 Qxc5 7. Nf3 Nf6 8. Bd3 O-O 9. Qe2 Bg4 10. Be3 Qa5 11. O-O Nc6 12. h3 Bxf3 13. Qxf3 Rac8 14. a3 Nd7 15. b4 Qd8 16. Bd2 Nxb4 17. axb4 Bxc3 18. Bxc3 Rxc3 19. Kh1 Qb6 20. Rab1 Qd4 21. e5 dxe5 22. Qxb7 exf4 23. Rbd1 Nf6 24. Bxg6 Qe5 25. Bd3 Rfc8 26. Qf3 Kh8 27. Qxf4 Qxf4 28. Rxf4 Rb8 29. Re1 Nd5 30. Rd4 Nxb4 31. Rxe7 Nxd3 32. cxd3 Rc1+ 33. Kh2 Rc2 34. Rxf7 Rbb2 35. Rg4 1-0


[Site "https://www.chess.com"]

[Event "Titled Tuesday Blitz July 4 Late 2023"]
[White "ilya2700"]
[Black "Sokolov, Andrei"]
[BlackFideId "11600306"]
[WhiteElo "2020"]
[BlackElo "2269"]
[Result "0-1"]
[Round "4"]
[TimeControl "180+2"]
[Date "2023.07.04"]
[WhiteClock "0:00:02"]
[BlackClock "0:00:14"]
[Board "176"]

1. e4 c6 2. d4 d5 3. exd5 cxd5 4. Bd3 Nc6 5. c3 Nf6 6. Nf3 Bg4 7. Bf4 e6 8. Nbd2 Bd6 9. Bxd6 Qxd6 10. O-O O-O 11. Re1 Rac8 12. Qb3 Na5 13. Qc2 Nc4 14. Ne5 b5 15. Ndf3 Bh5 16. a3 Bg6 17. Bxg6 hxg6 18. Ng5 a5 19. Qd3 b4 20. Qh3 Nxb2 21. axb4 axb4 22. cxb4 Rc7 23. Nexf7 Rfxf7 24. Rxe6 Qf4 25. Ra8+ Rf8 26. Rxf8+ Kxf8 27. Qh8+ Ng8 28. Re8+ Kxe8 29. Qxg8+ Kd7 30. Qxd5+ Kc8 31. Qa8+ Kd7 32. Qd5+ Qd6 33. Qf7+ Kc8 34. Qxg7 Rc1# 0-1


[Site "https://www.chess.com"]

[Event "Titled Tuesday Blitz July 4 Late 2023"]
[White "Porat, Tori"]
[Black "Guimaraes, Wagner Peixoto"]
[WhiteFideId "30982626"]
[BlackFideId "2100940"]
[WhiteElo "1996"]
[BlackElo "2258"]
[Result "0-1"]
[Round "4"]
[TimeControl "180+2"]
[Date "2023.07.04"]
[WhiteClock "0:00:11"]
[BlackClock "0:00:08"]
[Board "177"]

1. d4 Nf6 2. c4 c5 3. d5 e6 4. Nc3 exd5 5. cxd5 d6 6. Nf3 g6 7. Bg5 Bg7 8. e4 h6 9. Bxf6 Bxf6 10. Bb5+ Nd7 11. O-O O-O 12. Qd2 Bg7 13. Rfe1 Re8 14. Rac1 a6 15. Bxd7 Bxd7 16. Qf4 Qe7 17. a3 b5 18. Rc2 Rac8 19. Rce2 b4 20. axb4 cxb4 21. Nd1 Bb5 22. Re3 Rc4 23. Nd2 Rc2 24. Nf3 a5 25. e5 dxe5 26. Nxe5 Qb7 27. d6 Bxe5 28. Rxe5 Rxe5 29. Qxe5 Rd2 30. Qf6 Qd7 31. Qe5 Rxd6 32. Ne3 Re6 33. Qb8+ Re8 34. Qf4 Kg7 35. h3 Qe6 36. Rd1 Bc6 37. Ng4 g5 38. Qd4+ f6 39. Qa7+ Re7 40. Qd4 h5 41. Ne3 Qe4 42. Qxe4 Bxe4 43. f3 Bg6 44. Rd5 Ra7 45. Rb5 h4 46. Rb6 Re7 47. Nd5 Re1+ 48. Kh2 Rb1 49. Nxf6 Rxb2 50. Ng4 a4 51. Rb7+ Kg8 52. Rb8+ Kf7 53. Rb7+ Ke8 54. Rb8+ Kd7 55. Ne5+ Ke6 56. Nxg6 a3 57. Nf8+ Kd5 58. Nd7 a2 59. Nb6+ Kc6 60. Rc8+ Kxb6 61. Ra8 b3 62. Ra4 Rb1 63. Ra8 a1=Q 64. Rb8+ Kc5 65. Rc8+ Kd4 66. Rd8+ Ke3 67. Re8+ Kf2 0-1


[Site "https://www.chess.com"]

[Event "Titled Tuesday Blitz July 4 Late 2023"]
[White "Modric, Nesa"]
[Black "Sainz Aguirre, Ignacio"]
[WhiteFideId "922579"]
[BlackFideId "5101727"]
[WhiteElo "2252"]
[BlackElo "1943"]
[Result "1/2-1/2"]
[Round "4"]
[TimeControl "180+2"]
[Date "2023.07.04"]
[WhiteClock "0:00:08"]
[BlackClock "0:00:17"]
[Board "178"]

1. e4 e6 2. d4 d5 3. e5 c5 4. c3 Nc6 5. Nf3 Bd7 6. a3 c4 7. Nbd2 Na5 8. Rb1 Bc6 9. h4 Qd7 10. Rh3 Ne7 11. b4 cxb3 12. Nxb3 Ba4 13. Nfd2 Nc8 14. Qg4 Nxb3 15. Nxb3 Nb6 16. h5 h6 17. Nc5 Bxc5 18. dxc5 Nc4 19. Bxc4 dxc4 20. Qd4 Qxd4 21. cxd4 O-O-O 22. Be3 Bc6 23. f3 f6 24. f4 Bxg2 25. Rg3 Be4 26. Rb4 fxe5 27. fxe5 Rd7 28. Rxc4 Rf8 29. a4 Rf5 30. a5 Rdf7 31. a6 Rxh5 32. axb7+ Kxb7 33. c6+ Bxc6 34. Rb4+ Kc7 35. d5 Bxd5 36. Bc5 Rh1+ 37. Ke2 Rh2+ 38. Ke1 Rh1+ 39. Ke2 Rh2+ 40. Ke1 Rh1+ 1/2-1/2


[Site "https://www.chess.com"]

[Event "Titled Tuesday Blitz July 4 Late 2023"]
[White "Kohler, Aran"]
[Black "Upper, John"]
[WhiteFideId "1002856"]
[BlackFideId "2606437"]
[WhiteElo "2251"]
[BlackElo "1935"]
[Result "1-0"]
[Round "4"]
[TimeControl "180+2"]
[Date "2023.07.04"]
[WhiteClock "0:00:17"]
[BlackClock "0:00:27"]
[Board "179"]

1. d4 Nf6 2. c3 e6 3. Bg5 c5 4. e3 Nc6 5. Nd2 h6 6. Bh4 b6 7. Ngf3 Be7 8. Bd3 d5 9. Bb5 Bd7 10. Bxc6 Bxc6 11. Ne5 Bb5 12. a4 Ba6 13. Nc6 Qd7 14. Nxe7 Qxe7 15. Qf3 cxd4 16. exd4 O-O 17. Bxf6 Qxf6 18. Qxf6 gxf6 19. f4 Kh7 20. Nf3 Rg8 21. Kf2 Bd3 22. a5 b5 23. Rhe1 a6 24. Nd2 Rg4 25. g3 h5 26. Re3 Bf5 27. h3 Rgg8 28. Rh1 Rac8 29. g4 Kg6 30. gxf5+ Kxf5 31. Rf3 b4 32. Nf1 bxc3 33. bxc3 Rb8 34. Ng3+ Kg6 35. Rg1 Rb2+ 36. Ke3 Rc8 37. Ne2+ Kh6 38. Ra1 f5 39. Kd3 Rcb8 40. Rg3 R8b5 41. h4 Rb8 42. Rg5 Rc8 43. Rag1 Rc4 44. Rg8 Kh7 45. R1g7+ Kh6 46. Rxf7 Ra4 47. Rgg7 Raa2 48. Rh7+ Kg6 49. Rfg7+ Kf6 50. Ng3 Rd2+ 51. Ke3 e5 52. Nxh5+ Ke6 53. Rg6# 1-0


[Site "https://www.chess.com"]

[Event "Titled Tuesday Blitz July 4 Late 2023"]
[White "Burke, Paul"]
[Black "Biliy, Vadim"]
[WhiteFideId "2605767"]
[BlackFideId "14114127"]
[WhiteElo "1926"]
[BlackElo "2231"]
[Result "1-0"]
[Round "4"]
[TimeControl "180+2"]
[Date "2023.07.04"]
[WhiteClock "0:01:03"]
[BlackClock "0:01:01"]
[Board "180"]

1. e4 d6 2. Nc3 Nf6 3. g3 g6 4. Bg2 Bg7 5. Nge2 O-O 6. O-O e5 7. h3 Nc6 8. d3 h5 9. Be3 a6 10. Qd2 Kh7 11. f4 b5 12. f5 b4 13. Nd5 Nxd5 14. exd5 Nd4 15. fxg6+ fxg6 16. Rxf8 Qxf8 17. Rf1 Nxe2+ 18. Qxe2 Qe7 19. Be4 Bxh3 20. Qxh5+ Kg8 21. Qxh3 Rf8 22. Rxf8+ Kxf8 23. Bxg6 Qd8 24. Qf5+ Bf6 25. Bh6+ Kg8 26. Qe6+ Kh8 27. Qf7 Qe7 28. Bg7+ 1-0


[Site "https://www.chess.com"]

[Event "Titled Tuesday Blitz July 4 Late 2023"]
[White "Carlsen, Magnus"]
[Black "Korobov, Anton"]
[WhiteFideId "1503014"]
[BlackFideId "14105730"]
[WhiteElo "3255"]
[BlackElo "3018"]
[Result "1-0"]
[Round "5"]
[TimeControl "180+2"]
[Date "2023.07.04"]
[WhiteClock "0:01:28"]
[BlackClock "0:01:03"]
[Board "1"]

1. b3 d5 2. Bb2 c5 3. e3 Nc6 4. Nf3 e6 5. d4 Nf6 6. Bd3 cxd4 7. exd4 b6 8. a3 Bb7 9. Nbd2 Bd6 10. Qe2 Rc8 11. Ne5 O-O 12. g4 Ne7 13. O-O-O Ng6 14. Nxg6 hxg6 15. Kb1 Qe7 16. Ka2 Rc7 17. h4 Rfc8 18. Rh3 Ne4 19. Bxe4 dxe4 20. c4 f5 21. h5 g5 22. h6 g6 23. h7+ Kh8 24. d5+ e5 25. gxf5 gxf5 26. Rh6 g4 27. Nxe4 fxe4 28. Qxg4 Qf8 29. Rg1 1-0


[Site "https://www.chess.com"]